SNL (28 & UNDER)
MONTGOMERY BISCUITS @ WICHITA WRANGLERS
05/05/2028
 
TOP OF THE 1ST
Montgomery Biscuits batting - Pitching for Wichita Wranglers : LHP Jeff Sandusky
Pitching: LHP Jeff Sandusky
Batting: SHB Lawrence Farley 0-0: Ball
1-0: Foul Ball, location: 2F
1-1: SINGLE (Groundball, 4D)
Batting: LHB António Fernández 0-0: Grounds out, U3 (Groundball, 3L)
Batting: RHB Jerry Johnston 0-0: Called Strike
0-1: Ball
1-1: SINGLE (Groundball, 56D)
Lawrence Farley to third
Runner from 3rd tries for Home, SAFE, no throw
Batting: LHB Bob Jones 0-0: Ball
1-0: DOUBLE (Flyball, 78M)
Jerry Johnston to third
Runner from 3rd tries for Home, SAFE, no throw
Batting: SHB Jack Estes 0-0: Ball
1-0: Called Strike
1-1: Called Strike
1-2: Fly out, F8 (Flyball, 8RM)
Runner from 2nd tags up, SAFE at 3rd with throw
Batting: SHB Wilson Bray 0-0: Ball
1-0: Ball
2-0: Called Strike
2-1: Called Strike
2-2: Foul Ball, location: 2F
2-2: Ground out 5-3 (Groundball, 5)
Top of the 1st over - 2 run(s), 3 hit(s), 0 error(s), 1 left on base; Montgomery 2 - Wichita 0
BOTTOM OF THE 1ST
Wichita Wranglers batting - Pitching for Montgomery Biscuits : RHP Keith Fitzgerald
Pitching: RHP Keith Fitzgerald
Batting: RHB José López 0-0: Called Strike
0-1: Swinging Strike
0-2: Ball
1-2: Ball
2-2: Strikes out swinging
Batting: SHB Wayne Matthews 0-0: Called Strike
0-1: Ball
1-1: Foul Ball, location: 2F
1-2: Strikes out swinging
Batting: SHB Juan Glaviz 0-0: Foul Ball, location: 2F
0-1: Swinging Strike
0-2: Strikes out swinging
Bottom of the 1st over - 0 run(s), 0 hit(s), 0 error(s), 0 left on base; Montgomery 2 - Wichita 0
TOP OF THE 2ND
Montgomery Biscuits batting - Pitching for Wichita Wranglers : LHP Jeff Sandusky
Batting: RHB Rusty Downy 0-0: Ball
1-0: Swinging Strike
1-1: Foul Ball, location: 2F
1-2: Foul Ball, location: 2F
1-2: Strikes out swinging
Batting: RHB Glen MacDonald 0-0: Swinging Strike
0-1: Foul Ball, location: 2F
0-2: Foul Ball, location: 2F
0-2: Strikes out swinging
Batting: RHB Dave Roberts 0-0: Foul Ball, location: 2F
0-1: Fly out, F9 (Flyball, 9LS)
Top of the 2nd over - 0 run(s), 0 hit(s), 0 error(s), 0 left on base; Montgomery 2 - Wichita 0
BOTTOM OF THE 2ND
Wichita Wranglers batting - Pitching for Montgomery Biscuits : RHP Keith Fitzgerald
Batting: RHB Félix Gonzáles 0-0: Fly out, F6 (Line Drive, 6)
Batting: LHB Richard Hinkle 0-0: Ball
1-0: Called Strike
1-1: Ball
2-1: Called Strike
2-2: Strikes out swinging
Batting: RHB Oliver Todd 0-0: Ball
1-0: DOUBLE (Line Drive, 7LS)
Batting: RHB Hubert MacDonald 0-0: Foul Ball, location: 2F
0-1: Called Strike
0-2: Hit by Pitch
Batting: RHB Rusty Bennett 0-0: Ball
1-0: Ball
2-0: Ball
3-0: Called Strike
3-1: Base on Balls
Oliver Todd to third
Hubert MacDonald to second
Batting: SHB Lewis Woods 0-0: Foul Ball, location: 2F
0-1: Ground out 4-3 (Groundball, 34D)
Bottom of the 2nd over - 0 run(s), 1 hit(s), 0 error(s), 3 left on base; Montgomery 2 - Wichita 0
TOP OF THE 3RD
Montgomery Biscuits batting - Pitching for Wichita Wranglers : LHP Jeff Sandusky
Batting: SHB Lawrence Farley 0-0: Fly out, F7 (Line Drive, 78M)
Batting: LHB António Fernández 0-0: Ball
1-0: Foul Ball, location: 2F
1-1: Swinging Strike
1-2: Ball
2-2: Strikes out swinging
Batting: RHB Jerry Johnston 0-0: Ground out 6-3 (Groundball, 6)
Top of the 3rd over - 0 run(s), 0 hit(s), 0 error(s), 0 left on base; Montgomery 2 - Wichita 0
BOTTOM OF THE 3RD
Wichita Wranglers batting - Pitching for Montgomery Biscuits : RHP Keith Fitzgerald
Batting: RHB José López 0-0: Fly out, F7 (Flyball, 78S)
Batting: SHB Wayne Matthews 0-0: Foul Ball, location: 2F
0-1: Ground out 4-3 (Groundball, 4)
Batting: SHB Juan Glaviz 0-0: Swinging Strike
0-1: Ball
1-1: Swinging Strike
1-2: Strikes out swinging
Bottom of the 3rd over - 0 run(s), 0 hit(s), 0 error(s), 0 left on base; Montgomery 2 - Wichita 0
TOP OF THE 4TH
Montgomery Biscuits batting - Pitching for Wichita Wranglers : LHP Jeff Sandusky
Batting: LHB Bob Jones 0-0: Ground out 1-3 (Groundball, 13S)
Batting: SHB Jack Estes 0-0: Called Strike
0-1: Swinging Strike
0-2: Strikes out swinging
Batting: SHB Wilson Bray 0-0: Ball
1-0: Foul Ball, location: 2F
1-1: Foul Ball, location: 2F
1-2: Foul Ball, location: 2F
1-2: Foul Ball, location: 2F
1-2: Strikes out swinging
Top of the 4th over - 0 run(s), 0 hit(s), 0 error(s), 0 left on base; Montgomery 2 - Wichita 0
BOTTOM OF THE 4TH
Wichita Wranglers batting - Pitching for Montgomery Biscuits : RHP Keith Fitzgerald
Batting: RHB Félix Gonzáles 0-0: Ball
1-0: Swinging Strike
1-1: Called Strike
1-2: Fly out, F8 (Line Drive, 8LXD)
Batting: LHB Richard Hinkle 0-0: Ground out 6-3 (Groundball, 6)
Batting: RHB Oliver Todd 0-0: Called Strike
0-1: Fly out, F9 (Flyball, 9S)
Bottom of the 4th over - 0 run(s), 0 hit(s), 0 error(s), 0 left on base; Montgomery 2 - Wichita 0
TOP OF THE 5TH
Montgomery Biscuits batting - Pitching for Wichita Wranglers : LHP Jeff Sandusky
Batting: RHB Rusty Downy 0-0: Foul Ball, location: 2F
0-1: Ball
1-1: Foul Ball, location: 2F
1-2: Strikes out swinging
Batting: RHB Glen MacDonald 0-0: Ball
1-0: SINGLE (Groundball, 34D)
Batting: RHB Dave Roberts 0-0: Swinging Strike
0-1: Ball
1-1: Ball
2-1: Swinging Strike
2-2: Ball
3-2: Strikes out swinging
Batting: SHB Lawrence Farley 0-0: Called Strike
0-1: Ball
1-1: Ball
2-1: Ball
3-1: Swinging Strike
3-2: Base on Balls
Glen MacDonald to second
Batting: LHB António Fernández 0-0: Called Strike
0-1: Foul Ball, location: 2F
0-2: Ball
1-2: Ball
2-2: Strikes out looking
Top of the 5th over - 0 run(s), 1 hit(s), 0 error(s), 2 left on base; Montgomery 2 - Wichita 0
BOTTOM OF THE 5TH
Wichita Wranglers batting - Pitching for Montgomery Biscuits : RHP Keith Fitzgerald
Batting: RHB Hubert MacDonald 0-0: Called Strike
0-1: Foul Ball, location: 2F
0-2: Ball
1-2: Strikes out swinging
Batting: RHB Rusty Bennett 0-0: Fly out, F7 (Flyball, 78M)
Batting: SHB Lewis Woods 0-0: Called Strike
0-1: Foul Ball, location: 2F
0-2: Ball
1-2: SINGLE (Groundball, 34D)
Batting: RHB José López 0-0: Ball
1-0: Called Strike
1-1: Called Strike
1-2: Foul Ball, location: 2F
1-2: Foul Ball, location: 2F
1-2: Ball
2-2: Ball
3-2: Ground out 4-3 (Groundball, 4)
Bottom of the 5th over - 0 run(s), 1 hit(s), 0 error(s), 1 left on base; Montgomery 2 - Wichita 0
TOP OF THE 6TH
Montgomery Biscuits batting - Pitching for Wichita Wranglers : LHP Jeff Sandusky
Batting: RHB Jerry Johnston 0-0: Ball
1-0: Foul Ball, location: 2F
1-1: Foul Ball, location: 2F
1-2: Strikes out swinging
Batting: LHB Bob Jones 0-0: Ball
1-0: Ball
2-0: Foul Ball, location: 2F
2-1: Called Strike
2-2: Ground out 1-3 (Groundball, 13)
Batting: SHB Jack Estes 0-0: Foul Ball, location: 2F
0-1: Called Strike
0-2: Ground out 5-3 (Groundball, 5S)
Top of the 6th over - 0 run(s), 0 hit(s), 0 error(s), 0 left on base; Montgomery 2 - Wichita 0
BOTTOM OF THE 6TH
Wichita Wranglers batting - Pitching for Montgomery Biscuits : RHP Keith Fitzgerald
Batting: SHB Wayne Matthews 0-0: Ball
1-0: Swinging Strike
1-1: Ball
2-1: Ball
3-1: Base on Balls
Batting: SHB Juan Glaviz 0-0: Ball
1-0: Ball
2-0: Called Strike
2-1: Fielders Choice at 2nd, 4-6 (Groundball, 34D)
Batting: RHB Félix Gonzáles 0-0: Ball
Juan Glaviz steals 2nd base
1-0: SINGLE (Flyball, 8LS)
Juan Glaviz to third
Runner from 3rd tries for Home, SAFE, no throw
Batting: LHB Richard Hinkle 0-0: Foul Ball, location: 2F
0-1: Swinging Strike
0-2: Strikes out swinging
Batting: RHB Oliver Todd 0-0: Ball
1-0: Fly out, F9 (Flyball, 9)
Bottom of the 6th over - 1 run(s), 1 hit(s), 0 error(s), 1 left on base; Montgomery 2 - Wichita 1
TOP OF THE 7TH
Montgomery Biscuits batting - Pitching for Wichita Wranglers : LHP Jeff Sandusky
Batting: SHB Wilson Bray 0-0: Ball
1-0: Called Strike
1-1: Fly out, F4 (Popup, 3D)
Batting: RHB Rusty Downy 0-0: Foul Ball, location: 2F
0-1: Ball
1-1: Foul Ball, location: 2F
1-2: Strikes out looking
Batting: RHB Glen MacDonald 0-0: Ball
1-0: Called Strike
1-1: Swinging Strike
1-2: Ball
2-2: Ball
3-2: Strikes out swinging
Top of the 7th over - 0 run(s), 0 hit(s), 0 error(s), 0 left on base; Montgomery 2 - Wichita 1
BOTTOM OF THE 7TH
Wichita Wranglers batting - Pitching for Montgomery Biscuits : RHP Keith Fitzgerald
Batting: RHB Hubert MacDonald 0-0: Called Strike
0-1: Swinging Strike
0-2: Strikes out swinging
Batting: RHB Rusty Bennett 0-0: Ball
1-0: Ball
2-0: Ball
3-0: Called Strike
3-1: Foul Ball, location: 2F
3-2: Foul Ball, location: 2F
3-2: Base on Balls
Pinch Hitting: RHB Gabriel Erwin 0-0: Ball
Rusty Bennett steals 2nd base
1-0: Foul Ball, location: 2F
1-1: Ball
2-1: Foul Ball, location: 2F
2-2: Foul Ball, location: 2F
2-2: Ball
3-2: Base on Balls
Batting: RHB José López 0-0: Fly out, F9 (Flyball, 89S)
Pitching: RHP Steven Browne
Batting: SHB Wayne Matthews 0-0: Called Strike
0-1: Swinging Strike
0-2: Strikes out swinging
Bottom of the 7th over - 0 run(s), 0 hit(s), 0 error(s), 2 left on base; Montgomery 2 - Wichita 1
TOP OF THE 8TH
Montgomery Biscuits batting - Pitching for Wichita Wranglers : LHP Jeff Sandusky
Pitching: RHP Luis Pérez
Now in RF: Gabriel Erwin
Batting: RHB Dave Roberts 0-0: Foul Ball, location: 2F
0-1: Foul Ball, location: 2F
0-2: Ball
1-2: Foul Ball, location: 2F
1-2: SOLO HOME RUN (Flyball, 7D), Distance : 382 ft
Batting: SHB Lawrence Farley 0-0: Ball
1-0: Ball
2-0: Foul Ball, location: 2F
2-1: Ball
3-1: Foul Ball, location: 2F
3-2: Ground out 4-3 (Groundball, 4)
Batting: LHB António Fernández 0-0: Ball
1-0: Ball
2-0: Ball
3-0: Called Strike
3-1: Base on Balls
Batting: RHB Jerry Johnston 0-0: Called Strike
0-1: Fielders Choice at 2nd, 6-4 (Groundball, 6)
Pitching: LHP Fred Villa
Batting: LHB Bob Jones 0-0: Ball
1-0: Called Strike
1-1: Foul Ball, location: 2F
1-2: Foul Ball, location: 2F
1-2: Ball
Jerry Johnston steals 2nd base
2-2: Strikes out swinging
Top of the 8th over - 1 run(s), 1 hit(s), 0 error(s), 1 left on base; Montgomery 3 - Wichita 1
BOTTOM OF THE 8TH
Wichita Wranglers batting - Pitching for Montgomery Biscuits : RHP Steven Browne
Now in RF: Brian MacIntosh
Batting: SHB Juan Glaviz 0-0: Ball
1-0: Ball
2-0: Ball
3-0: Called Strike
3-1: TRIPLE (Flyball, 89D)
Batting: RHB Félix Gonzáles 0-0: Ball
1-0: Fly out, F6 (Popup, 4M)
Batting: LHB Richard Hinkle 0-0: Foul Ball, location: 2F
0-1: Foul Ball, location: 2F
0-2: Strikes out swinging
Batting: RHB Oliver Todd 0-0: Ball
1-0: 2-RUN HOME RUN (Flyball, 78XD), Distance : 392 ft
Pitching: RHP Gabriel Oliuo
Batting: RHB Hubert MacDonald 0-0: SINGLE (Flyball, 78S)
Batting: RHB Rusty Bennett 0-0: Swinging Strike
0-1: Called Strike
0-2: Ball
1-2: Strikes out swinging
Bottom of the 8th over - 2 run(s), 3 hit(s), 0 error(s), 1 left on base; Montgomery 3 - Wichita 3
TOP OF THE 9TH
Montgomery Biscuits batting - Pitching for Wichita Wranglers : LHP Fred Villa
Pitching: RHP Todd Brewster
Batting: SHB Jack Estes 0-0: Ball
1-0: Ball
2-0: Ball
3-0: Called Strike
3-1: Base on Balls
Batting: SHB Wilson Bray 0-0: Called Strike
0-1: Swinging Strike
0-2: Strikes out looking
Batting: RHB Rusty Downy 0-0: Called Strike
0-1: Foul Ball, location: 2F
0-2: Ball
1-2: Strikes out swinging
Batting: RHB Glen MacDonald 0-0: DOUBLE (Line Drive, 89D)
Jack Estes to third
Runner from 3rd tries for Home, SAFE, no throw
Batting: LHB Brian MacIntosh 0-0: Ball
1-0: Called Strike
1-1: Ball
2-1: Called Strike
2-2: Foul Ball, location: 2F
2-2: Ground out 4-3 (Groundball, 34)
Top of the 9th over - 1 run(s), 1 hit(s), 0 error(s), 1 left on base; Montgomery 4 - Wichita 3
BOTTOM OF THE 9TH
Wichita Wranglers batting - Pitching for Montgomery Biscuits : RHP Gabriel Oliuo
Pitching: RHP Clancy Steele
Batting: RHB Gabriel Erwin 0-0: Foul Ball, location: 2F
0-1: Ball
1-1: Ground out 6-3 (Groundball, 6)
Pinch Hitting: SHB José López 0-0: Foul Ball, location: 2F
0-1: Called Strike
0-2: Ball
1-2: Strikes out swinging
Batting: SHB Wayne Matthews 0-0: Fly out, F4 (Popup, 4)
Bottom of the 9th over - 0 run(s), 0 hit(s), 0 error(s), 0 left on base; Montgomery 4 - Wichita 3
Tuesday, August 8th, 2017 - OOTP Baseball 17.12 Build 75